 Seeded DCSS version 0.31-a0-45-g5f0c076935 (webtiles) character file.

Game seed: 6351066067085065685 (custom seed)

11 Esekla the Sneak (level 2, 0/21 HPs)
             Began as an Octopode Delver on May 22, 2023.
             Was an Initiate of Gozag.
             Slain by a lemure (6 damage)
             ... led by Pikel
             ... on level 6 of the Dungeon.
             The game lasted 00:03:38 (459 turns).

Esekla the Sneak (Octopode Delver)                   Turns: 459, Time: 00:03:39

Health: 0/21       AC:  1    Str: 11    XL:     2   Next: 25%
Magic:  2/2        EV: 13    Int: 12    God:    Gozag
Gold:   40         SH:  0    Dex: 13    Spells: 1/1 levels left

rFire   . . .        a - +0 falchion
rCold   . . .        (no shield)
rNeg    . . .        (helmet restricted)
rPois   .            (no amulet)
rElec   .            (no ring)
rCorr   .            (no ring)
SInv    .            (no ring)
Will    .....        (no ring)
Stlth   ++++         (no ring)
HPRegen 0.23/turn    (no ring)
MPRegen 0.08/turn    (no ring)
                     (no ring)

%: no passive effects
@: no status effects
A: almost no armour, amphibious, 8 rings, camouflage 1, gelatinous body 1,
(nimble swimmer 1), tentacles
a: Renounce Religion, Potion Petition, Call Merchant, Bribe Branch


You were on level 6 of the Dungeon.
You worshipped Gozag.
Gozag was noncommittal.
You visited 2 branches of the dungeon, and saw 3 of its levels.

You collected 80 gold pieces.
You paid 40 gold pieces to Gozag.

Inventory:

Hand Weapons
 a - a +0 falchion (weapon)
Wands
 c - a wand of flame (15)
 f - a wand of digging (3)
Scrolls
 b - a scroll of fog
 d - a scroll of fear
 h - a scroll of magic mapping
 j - a scroll of blinking {unknown}
Potions
 e - a potion of haste
 g - a potion of brilliance {unknown}
 i - a potion of lignification {unknown}
 k - a potion of attraction {unknown}


   Skills:
 * Level 3.1 Fighting
 * Level 2.0 Long Blades
 * Level 2.0 Dodging
 + Level 7.1 Stealth


You had one spell level left.
You didn't know any spells.
Your spell library contained the following spells:

 Spells                   Type           Power      Damage    Failure   Level
 Spider Form              Tmut/Pois      0%         N/A       69%         3
 Cause Fear               Hex            0%         N/A       97%         4
 Summon Mana Viper        Hex/Summ       0%         N/A       100%        5


Dungeon Overview and Level Annotations

Branches:
Dungeon (6/15)             Temple (1/1) D:6

Altars:
Cheibriados
Dithmenos
Gozag
Wu Jian
Xom

Annotations:
D:6 Pikel


Innate Abilities, Weirdness & Mutations

You cannot wear most types of armour.
You are amphibious.
You can wear up to eight rings at the same time.
Your skin changes colour to match your surroundings (Stealth+).
Your rubbery body absorbs attacks. (AC +1, EV +1)
((You are camouflaged when in or above water. (Stealth+)))
You have tentacles for arms and can constrict up to eight enemies at once.


Message History

Found a snail-covered altar of Cheibriados and a shimmering altar of Xom.
There is a staircase back to the Dungeon here.
Nothing quivered!
Found an opulent altar of Gozag.
You have 61 gold pieces.
Unknown command.
Found an ornate altar of the Wu Jian Council.
There is an opulent altar of Gozag here.
You curl up in front of the altar of Gozag.
Gozag welcomes you!
You pay a service fee of 40 gold.
(D) Dungeon (T) Temple
Where to? (? - help)
There is a staircase back to the Dungeon here.
You climb upwards.
Level annotation: Pikel Pikel zaps a wand.
The roots erupt in riotous growth!
The grasping roots grab you!
The white imp is unaffected.
The lemure is unaffected. x2
The grasping roots constrict you. The lemure hits you.
The lemure closely misses you.
There is a staircase to the Ecumenical Temple here.
As you read the scroll of fear, it crumbles to dust.
You assume a fearsome visage.
Pikel looks frightened!
The lemure looks frightened! x4; The white imp looks frightened!
Pikel attempts to regain his composure.
The grasping roots constrict you!
* * * LOW HITPOINT WARNING * * *
The roots grasp on you weakens, but your attempt to escape fails.
The grasping roots constrict you.
* * * LOW HITPOINT WARNING * * *
You escape the roots grasp.
You see here 19 gold pieces.
You now have 40 gold pieces (gained 19).
Cornered, the lemure turns to fight!
You see here a bubbling green potion.
k - a bubbling green potion The lemure hits you.
You die...
Your body crumbles into a pile of gold.

##.5......##..
#...........#.
#.#.#.#.#.#...#
#(..........###
#.#5......#.#
#####...........#
#.....#...>...#.#
#......[........# .
#.....#@......#....
#.......5.......##
#.....#.#.#.#.#.#
#####...........#
####.###....# #.#
..### ... ....
#...# .... #....
.#..#


You could see 2 lemures.

Vanquished Creatures
  An adder (D:5)
  An orc (D:5)
2 creatures vanquished.

Notes
Turn   | Place    | Note
-------+----------+-------------------------------------------
     0 | D:5      | Esekla the Octopode Delver began the quest for the Orb.
     0 | D:5      | Reached XP level 1. HP: 16/16 MP: 1/1
    34 | D:5      | Noticed a sleepcap
    67 | D:5      | Noticed an iguana
   109 | D:5      | Reached skill level 7 in Stealth
   109 | D:5      | Reached XP level 2. HP: 4/21 MP: 2/2
   191 | D:5      | Found a shadowy altar of Dithmenos.
   209 | D:5      | Got the Parchment of the Lumpy Olives
   228 | D:5      | Noticed a scorpion
   352 | D:6      | Noticed an ice beast
   393 | D:6      | Noticed a lemure
   393 | D:6      | Noticed a lemure
   393 | D:6      | Noticed a lemure
   399 | D:6      | Found a staircase to the Ecumenical Temple.
   400 | D:6      | Noticed a lemure
   401 | D:6      | Noticed Pikel
   408 | Temple   | Entered the Ecumenical Temple
   425 | Temple   | Became a worshipper of Gozag Ym Sagoz the Greedy
   459 | D:6      | Slain by a lemure

Illustrated notes

Levels and vault maps discovered:
D:5:      layout_loops_ring, lemuel_doored_altar, minmay_misc_feat_rows,
          dreamdust_wishing_well
D:6:      layout_loops_cross, fedhas_altar_fruit_tree,
          minmay_temple_entry_glass, uniq_pikel, uniq_blork_the_orc
Temple:   compressed_dpeg_circular_temple

Skill      XL: |  1 |
---------------+----+-----
Stealth        | 7 |  7.1
Fighting       | |  3.1
Long Blades    | |  2.0
Dodging        | |  2.0

Action                     || total
---------------------------++-------
  Melee: Falchion          ||     7
         Constrict         ||     2
         Tentacles         ||     2
    Use: Scroll            ||     2
   Stab: Sleeping          ||     2
 Armour: Skin              ||     1
  Dodge: Dodged            ||     4

Table legend: (Time is in decaauts)
 A = Elapsed time spent in this place.
 B = Non-inter-level travel time spent in this place.
 C = Inter-level travel time spent in this place.
 D = Time resting spent in this place.
 E = Time spent auto-exploring this place.
 F = Levels seen in this place.
 G = Mean time per level.
                   A        B        C        D        E       F      G
               +--------+--------+--------+--------+--------+-----+--------+
         Total |    460 |    443 |     17 |     75 |      8 |   3 |  153.3 |
       Dungeon |    425 |    425 |      0 |     75 |      0 |   2 |  212.5 |
        Temple |     34 |     17 |     17 |      0 |      8 |   1 |   34.0 |
               +--------+--------+--------+--------+--------+-----+--------+

Top non-repeatable levels by time:
     D:5: 341 daAuts
     D:6: 84 daAuts
  Temple: 34 daAuts
